 Dungeon Sprint DCSS version 0.31-a0-1469-gd420192249 (webtiles) character file.

Game seed: 10666769943835617497

448 BigPumpCobain the Grappler (level 6, -3/57 HPs)
             Began as a Troll Shapeshifter on Dec 29, 2023.
             Was an Initiate of Trog.
             Slain by Sonja
             ... wielding a +4 short sword of venom
              (5 damage)
             ... in the Dungeon (Sprint I: "Red Sonja").
             The game lasted 00:00:46 (147 turns).

BigPumpCobain the Grappler (Troll Shapeshifter)      Turns: 147, Time: 00:00:46

Health: -3/57      AC:  4    Str: 25    XL:     6   Next: 73%
Magic:  5/5        EV:  9    Int:  6    God:    Trog [......]
Gold:   297        SH:  0    Dex:  9    Spells: 5/5 levels left

rFire   . .          .
                       - Unarmed
rCold   . . .        (no shield)
rNeg    . . .        a - +0 animal skin
rPois   .            (helmet currently unavailable)
rElec   .            (cloak currently unavailable)
rCorr   .            (gloves unavailable)
SInv    .            (boots unavailable)
Will    .....        (no amulet)
Stlth   +            (no ring)
HPRegen 1.09/turn    (no ring)
MPRegen 0.09/turn

%: no teleportation
@: confused, lethally poisoned (-3 -> -45), beast-form
A: beast (slay +4), large, unfitting armour, claws 3, regeneration 1, shaggy fur
1, tough skin 1
a: Begin Untransformation, Renounce Religion


You were in the Dungeon.
You worshipped Trog.
Trog was noncommittal.
You were a hulking beast.
You visited 1 branch You collected 297 gold pieces.

Inventory:

Armour
 a - a +0 animal skin (worn)
Talismans
 c - a beast talisman
 d - a flux talisman
Wands
 k - a wand of mindburst (12)
Scrolls
 j - a scroll of blinking
Potions
 b - a potion of lignification
 e - a potion of curing
 f - a potion of heal wounds
 g - a potion of haste
 h - 2 potions of magic
 i - a potion of berserk rage


   Skills:
 + Level 2.2 Fighting
 - Level 1.5 Dodging
 * Level 11.7 Unarmed Combat
 + Level 8.6 Shapeshifting


You had 5 spell levels left.
You didn't know any spells.
Your spell library was empty.

Dungeon Overview and Level Annotations

Branches:
Dungeon (1/1)

Altars:
Cheibriados
Dithmenos
Elyvilon
Fedhas
Gozag
Hepliaklqana
Kikubaaqudgha
Nemelex Xobeh
Okawaru
Qazlal
Ru
Sif Muna
Trog
Uskayaw
Vehumet
Wu Jian
Yredelemnul
Zin
The Shining One

Shops:
D [

Annotations:
D Sonja


Innate Abilities, Weirdness & Mutations

You are a hulking beast.
Your limbs bulge with bestial killing power. (Slay +4)
You are too large for most types of armour.
You have claws for hands.
Your natural rate of healing is unusually fast.
You are covered in fur. (AC +1)
You have tough skin. (AC +1)


Message History

No target in view!
No target in view!
No target in view!
No target in view!
No target in view!
There is an open door here.
Sonja gestures wildly while chanting.
Sonja blinks!
Sonja hits you with a +4 short sword of venom.
You are poisoned.
Sonja barely misses you. Sonja misses you.
You open the door. 2 ballistomycete spores come into view.
You feel very sick.
The ballistomycete spore waves its rhizomes. x2
Sonja hits you with a +4 short sword of venom.
Sonja hits you with a +4 short sword of venom!
Sonja hits you with a +4 short sword of venom.
You are more poisoned.
Found 110 gold pieces, 2 potions of curing and 3 stones.
You completely miss Sonja.
You feel very sick.
Sonja hits you with a +4 short sword of venom!
You are more poisoned.
Sonja hits you with a +4 short sword of venom!
Sonja hits you with a +4 short sword of venom.
You are lethally poisoned!
The ballistomycete spore explodes!
The explosion of spores engulfs you!
You are confused.
* * * LOW HITPOINT WARNING * * *
The explosion of spores engulfs the ballistomycete spore!
The ballistomycete spore explodes!
Sonja hits you with a +4 short sword of venom.
* * * LOW HITPOINT WARNING * * *
You are more poisoned.
Sonja barely misses you.
Sonja hits you with a +4 short sword of venom.
You die...
Sonja says, "Show's over."

#..#__####..##|#
#..#_____##'#_.+
#⌠⌠#_.∩...'..._#
####_..__##_.#+#
#_____###'#
#########.##
+$.$+ #K.$#
##h## #'# !$!


$($$$ ####### You could see Sonja.

Vanquished Creatures
  Sigmund (D)
  A yak (D)
  An ogre (D)
  A jelly (D)
  Ijyb (D)
5 creatures vanquished.

Vanquished Creatures (others)
  2 ballistomycete spores (D)
2 creatures vanquished.

Grand Total: 7 creatures vanquished

Notes
Turn   | Place    | Note
-------+----------+-------------------------------------------
     0 | D        | BigPumpCobain the Troll Shapeshifter began the quest for
                  | the Orb.
     0 | D        | Reached XP level 1. HP: 18/18 MP: 0/0
     1 | D        | Noticed Ijyb
    13 | D        | Killed Ijyb
    14 | D        | Reached skill level 1 in Fighting
    14 | D        | Reached skill level 5 in Unarmed Combat
    14 | D        | Reached XP level 2. HP: 26/27 MP: 1/1
    18 | D        | Noticed an ogre
    22 | D        | Killed an ogre
    23 | D        | Reached skill level 7 in Unarmed Combat
    23 | D        | Reached XP level 3. HP: 27/33 MP: 2/2
    23 | D        | Reached XP level 4. HP: 33/41 MP: 3/3
    40 | D        | Noticed Sigmund
    45 | D        | Killed Sigmund
    46 | D        | Reached skill level 10 in Unarmed Combat
    46 | D        | Reached XP level 5. HP: 22/49 MP: 4/4
    46 | D        | Reached XP level 6. HP: 25/57 MP: 5/5
    88 | D        | Found an ornate altar of the Wu Jian Council.
    88 | D        | Found a shimmering blue altar of Sif Muna.
    90 | D        | Found a radiant altar of Vehumet.
   114 | D        | Found Ruymamuh's Armour Emporium.
   114 | D        | Found an ancient bone altar of Kikubaaqudgha.
   114 | D        | Found a hazy altar of Hepliaklqana.
   114 | D        | Found a stormy altar of Qazlal.
   114 | D        | Found a hide-covered altar of Uskayaw.
   114 | D        | Found a blossoming altar of Fedhas.
   114 | D        | Found a bloodstained altar of Trog.
   114 | D        | Found an iron altar of Okawaru.
   114 | D        | Found a basalt altar of Yredelemnul.
   114 | D        | Found a glowing golden altar of the Shining One.
   114 | D        | Found a snail-covered altar of Cheibriados.
   114 | D        | Found a sacrificial altar of Ru.
   114 | D        | Found a glowing silver altar of Zin.
   114 | D        | Found a shadowy altar of Dithmenos.
   114 | D        | Found a white marble altar of Elyvilon.
   114 | D        | Noticed a yak
   118 | D        | Killed a yak
   119 | D        | Reached skill level 11 in Unarmed Combat
   119 | D        | Found an opulent altar of Gozag.
   120 | D        | Found a sparkling altar of Nemelex Xobeh.
   131 | D        | Became a worshipper of Trog the Wrathful
   138 | D        | Noticed Sonja
   147 | D        | HP: 2/57 [Sonja/+4 short sword of venom (4)]
   147 | D        | Slain by Sonja

Illustrated notes

Levels and vault maps discovered:
D:        dungeon_sprint_1 [red_sonja_temple_1, red_sonja_temple_small_1]

Skill      XL: |  1  2  3  4  5  6 |
---------------+-------------------+-----
Fighting       | 1 2 |  2.2
Unarmed Combat | 5 7 10 11 | 11.7
Shapeshifting  | 4 6 7 8 |  8.6
Dodging        | |  1.5

Action                     |  1- 3 |  4- 6 || total
---------------------------+-------+-------++-------
  Melee: Unarmed           |    14 |    11 ||    25
         Punch             |       |     1 ||     1
 Armour: Animal skin       |     9 |    16 ||    25
  Dodge: Dodged            |     2 |     6 ||     8

Table legend: (Time is in decaauts)
 A = Elapsed time spent in this place.
 B = Non-inter-level travel time spent in this place.
 C = Inter-level travel time spent in this place.
 D = Time resting spent in this place.
 E = Time spent auto-exploring this place.
 F = Levels seen in this place.
 G = Mean time per level.
                   A        B        C        D        E       F      G
               +--------+--------+--------+--------+--------+-----+--------+
         Total |    144 |    144 |      0 |      0 |     64 |   1 |  144.0 |
       Dungeon |    144 |    144 |      0 |      0 |     64 |   1 |  144.0 |
               +--------+--------+--------+--------+--------+-----+--------+

Top non-repeatable levels by time:
       D: 144 daAuts
